 Dungeon Crawl Stone Soup version 0.31-a0-750-gfe7b580527 (webtiles) character file.

Game seed: 16125541075116202093

77 dondy the Chiller (level 4, 30/30 HPs)
             Began as a Demonspawn Ice Elementalist on Sept 14, 2023.
             Was a Follower of Uskayaw.
             Quit the game on level 3 of the Dungeon.
             The game lasted 00:07:48 (2711 turns).

dondy the Chiller (Demonspawn Ice Elementalist)     Turns: 2711, Time: 00:07:49

Health: 30/30      AC:  3    Str:  9    XL:     4   Next: 14%
Magic:  7/7        EV: 12    Int: 18    God:    Uskayaw [*.....]
Gold:   155        SH:  0    Dex: 13    Spells: 1/8 levels left

rFire   . . .        f - +0 long sword
rCold   . . .        (no shield)
rNeg    . . .        h - +0 leather armour
rPois   .            (helmet restricted)
rElec   .            (no cloak)
rCorr   .            (no gloves)
SInv    .            (no boots)
Will    .....        (no amulet)
Stlth   ++           (no ring)
HPRegen 0.25/turn    (no ring)
MPRegen 0.10/turn

%: no passive effects
@: no status effects
A: horns 2
a: Renounce Religion, Stomp


You were on level 3 of the Dungeon.
You worshipped Uskayaw.
Uskayaw was noncommittal.
You visited 1 branch of the dungeon, and saw 3 of its levels.

You collected 155 gold pieces.

Inventory:

Hand Weapons
 f - a +0 long sword (weapon)
Armour
 a - a +0 ring mail
 h - a +0 leather armour (worn)
Jewellery
 o - a ring of flight
Wands
 m - a wand of roots (5)
Scrolls
 c - 2 scrolls of identify {unknown}
 e - a scroll of vulnerability {unknown}
 k - a scroll of immolation {unknown}
 l - a scroll of enchant weapon {unknown}
 n - a scroll of amnesia {unknown}
 p - a scroll of poison {unknown}
 q - a scroll of noise {unknown}
Potions
 b - a potion of magic
 d - a potion of degeneration {unknown}
 g - 2 potions of mutation {unknown}
 i - a potion of curing {unknown}
 j - 2 potions of haste {unknown}


   Skills:
 + Level 2.6 Dodging
 + Level 2.7 Stealth
 + Level 2.6 Spellcasting
 - Level 4.0 Ice Magic


You had one spell level left.
You knew the following spells:

 Your Spells              Type           Power      Damage    Failure   Level
a - Freeze                Ice            64%        1d7       4%          1
b - Frozen Ramparts       Ice            32%        1d5       14%         3
c - Ozocubu's Armour      Ice            16%        N/A       14%         3

Your spell library contained the following spells:

 Spells                   Type           Power      Damage    Failure   Level
 Slow                     Hex            8%         N/A       24%         1
 Confusing Touch          Hex            2%         N/A       58%         3
 Sigil of Binding         Hex            2%         N/A       58%         3
 Vampiric Draining        Necr           2%         2d6       58%         3
 Summon Ice Beast         Ice/Summ       9%         N/A       71%         4


Dungeon Overview and Level Annotations

Branches:
Dungeon (3/15)

Altars:
Dithmenos
Kikubaaqudgha
Makhleb
Trog
Uskayaw

Shops:
D:2 (


Innate Abilities, Weirdness & Mutations

You have a pair of horns on your head.


Message History

The adder hisses angrily.
The adder bites you but does no damage.
You freeze the adder.
The adder is heavily wounded.
The adder closely misses you.
You freeze the adder.
The adder is severely wounded.
The adder seems to slow down.
The adder barely misses you.
You can now pass through a line of other dancers.
You miscast Freeze.
You are very lightly contaminated with residual magic.
Nothing appears to happen.
The adder closely misses you.
You freeze the adder.
You kill the adder!
You have reached level 4!
You feel stronger.
You start resting.
Your magical contamination has completely faded away.
You start resting.
Magic restored.
You open the door.
There is an open door here.
You open the door.
There is an open door here.
A ball python comes into view.
The ball python hisses angrily.
You freeze the ball python.
You kill the ball python!
A ball python comes into view.
The ball python hisses angrily.
The ball python barely misses you. The ball python grabs you.
The ball python constricts you.
You freeze the ball python!
You kill the ball python!
You see here 4 stones.
There is a stone staircase leading down here.
You see here a frilled lizard skeleton.
Found four altars.
There is a large open door here.
Are you sure you want to abandon this character and quit the game? (Confirm with "yes".)

#........#........#
#........
########.#........#
#........
_####........#
#########
...###.......#
.....###.....#
#....._#.....# .
#....###..##
....#..#....#
.......@....#
.......'....#
....#..#...##
..#....#####
#....._ .....##
...## _##


There were no monsters in sight!

Vanquished Creatures
  An adder (D:3)
  A worm (D:3)
  2 dart slugs (D:1)
  4 orcs (D:3)
  6 ball pythons
  9 bats
  4 endoplasms
  3 giant cockroaches (D:1)
  4 goblins
  3 jackals
  4 kobolds
  2 quokkas
  4 frilled lizards
  5 rats
52 creatures vanquished.

Notes
Turn   | Place    | Note
-------+----------+-------------------------------------------
     0 | D:1      | dondy the Demonspawn Ice Elementalist began the quest for
                  | the Orb.
     0 | D:1      | Reached XP level 1. HP: 13/13 MP: 3/3
   215 | D:1      | Gained mutation: You have a pair of small horns on your
                  | head. [demonic ancestry]
   215 | D:1      | Reached XP level 2. HP: 19/19 MP: 3/5
   445 | D:1      | Found a faded altar of an unknown god.
   450 | D:1      | Prayed at the altar of an unknown god.
   450 | D:1      | Became a worshipper of Uskayaw the Reveller
   450 | D:1      | Reached * piety under Uskayaw
  1076 | D:2      | Reached ** piety under Uskayaw
  1175 | D:2      | Gained mutation: You have a pair of horns on your head.
                  | [demonic ancestry]
  1175 | D:2      | Reached XP level 3. HP: 24/24 MP: 4/6
  1179 | D:2      | Learned a level 3 spell: Frozen Ramparts
  1371 | D:2      | Found Vesatz's Weapon Shop.
  1855 | D:3      | Reached skill level 4 in Ice Magic
  2300 | D:3      | Learned a level 3 spell: Ozocubu's Armour
  2389 | D:3      | Reached *** piety under Uskayaw
  2538 | D:3      | Reached XP level 4. HP: 30/30 MP: 2/7
  2710 | D:3      | Found an ancient bone altar of Kikubaaqudgha.
  2710 | D:3      | Found a burning altar of Makhleb.
  2710 | D:3      | Found a bloodstained altar of Trog.
  2710 | D:3      | Found a shadowy altar of Dithmenos.
  2711 | D:3      | Quit the game

Illustrated notes

Levels and vault maps discovered:
D:1:      amcnicky_arrival_double_pillar, layout_basic,
          ebering_ecumenical_altar_hall, minmay_misc_feat_four_crosses,
          minmay_tromino_v4_b
D:2:      layout_rooms, serial_shops, shop
D:3:      layout_basic, minmay_overflow_temple_hex, kennysheep_nondescript,
          grunt_decor_resistance

Skill      XL: |  1  2  3 |
---------------+----------+-----
Stealth        | 2 |  2.7
Dodging        | 2 |  2.6
Ice Magic      | 4 |  4.0
Spellcasting   | |  2.6

Action                     |  1- 3 |  4- 6 || total
---------------------------+-------+-------++-------
  Melee: Long sword        |    11 |       ||    11
   Cast: Freeze            |    81 |     2 ||    83
   Stab: Paralysed         |     1 |       ||     1
 Armour: Robe              |    11 |       ||    11
         Leather armour    |    33 |       ||    33
  Dodge: Dodged            |    48 |     1 ||    49

Table legend: (Time is in decaauts)
 A = Elapsed time spent in this place.
 B = Non-inter-level travel time spent in this place.
 C = Inter-level travel time spent in this place.
 D = Time resting spent in this place.
 E = Time spent auto-exploring this place.
 F = Levels seen in this place.
 G = Mean time per level.
                   A        B        C        D        E       F      G
               +--------+--------+--------+--------+--------+-----+--------+
         Total |   2715 |   2640 |     75 |    549 |   1618 |   3 |  905.0 |
       Dungeon |   2715 |   2640 |     75 |    549 |   1618 |   3 |  905.0 |
               +--------+--------+--------+--------+--------+-----+--------+

Top non-repeatable levels by time:
     D:1: 1122 daAuts
     D:3: 982 daAuts
     D:2: 610 daAuts
